 Dungeon Crawl Stone Soup version 0.13.1-28-g3517093 (webtiles) character file.

809 CrazyArbalest the Bolt Thrower (level 7, -4/50 HPs)
             Began as a Demonspawn Hunter on Mar 9, 2014.
             Shot with an arrow by a centaur (17 damage)
             ... on Level 5 of the Dungeon.
             The game lasted 00:24:08 (4763 turns).

CrazyArbalest the Bolt Thrower (Demonspawn Hunter)  Turns: 4763, Time: 00:24:08

HP  -4/50        AC  5     Str 14      XL: 7   Next: 22%
MP   6/6         EV 13     Int 12      God:
Gold 186         SH  0     Dex 14      Spells:  0 memorised,  6 levels left

Res.Fire  : . . .   See Invis. : .   b - +1 crossbow
Res.Cold  : . . .   Warding    : .   z - +0 leather armour
Life Prot.: . . .   Conserve   : .   (no shield)
Res.Poison: .       Res.Corr.  : .   (no helmet)
Res.Elec. : .       Clarity    : .   v - +0 cloak
Sust.Abil.: . .     Spirit.Shd : .   D - +0 pair of gauntlets (curse)
Res.Mut.  : .       Stasis     : .   (no boots)
Res.Rott. : .       Flight     : .   (no amulet)
Saprovore : . . .                    (no ring)
                                     (no ring)

@: slightly resistant to hostile enchantments, unstealthy
A: hooves 1, demonic guardian 1, powered by death 2
a: no special abilities


You were on level 5 of the Dungeon.
You were not hungry.

You visited 1 branch of the dungeon, and saw 5 of its levels.

You collected 166 gold pieces.

Inventory:

Hand weapons
 a - a +0,+0 whip
 b - a +1,+1 crossbow (weapon)
 w - a +0,+0 whip
 C - a +1,+2 whip
 J - a -1,+0 orcish mace
 K - a +0,+1 orcish mace
Missiles
 c - 26 bolts (quivered)
Armour
 d - a +0 leather armour
 v - a +0 cloak (worn)
 z - a +0 leather armour (worn)
 D - a cursed +0 pair of gauntlets (worn)
Magical devices
 E - a wand of random effects (8) {unknown}
Comestibles
 f - 4 bread rations
 n - a choko
 p - 3 meat rations
 r - 7 grapes
 x - an apple
Scrolls
 g - a scroll of amnesia {unknown}
 i - 3 scrolls of fear {unknown}
 j - 2 scrolls of remove curse {unknown}
 k - 3 scrolls of fog {unknown}
 l - 5 scrolls of identify {unknown}
 m - 2 scrolls of random uselessness {unknown}
 q - a scroll of teleportation {unknown}
 u - 4 scrolls of enchant weapon II {unknown}
 y - a scroll of curse jewellery {unknown}
 A - a scroll of immolation {unknown}
 G - a scroll of enchant armour {unknown}
Jewellery
 H - an uncursed amulet of stasis {unknown}
Potions
 e - 5 potions of curing
 h - 2 potions of restore abilities {unknown}
 o - 3 potions of agility {unknown}
 s - 3 potions of heal wounds {unknown}
 t - 2 potions of mutation {unknown}
 B - a potion of confusion {unknown}
 F - a potion of cure mutation {unknown}
 I - a potion of poison {unknown}


   Skills:
 + Level 1.7 Fighting
 * Level 2.4 Maces & Flails
 + Level 5.2 Crossbows
 + Level 3.1 Armour
 + Level 4.1 Dodging
 + Level 1.1 Stealth


You had 6 spell levels left.
You didn't know any spells.

Dungeon Overview and Level Annotations

Branches:
Dungeon (5/27)
 Temple: D:4-7

Altars:
Yredelemnul

Shops:
D:5 (


Innate Abilities, Weirdness & Mutations

You have large cloven feet.
A weak demonic guardian rushes to your aid.
You can steal the life force of defeated enemies.


Message History

The centaur wields a bow.
The centaur shoots an arrow.
The arrow hits you!
The centaur shoots an arrow.
The arrow hits you!
Found a stone staircase leading down.
You see here an arrow.
The centaur shoots an arrow.
The arrow hits you!
You see here an arrow.
The centaur shoots an arrow.
The arrow misses you.
The centaur shoots an arrow.
The arrow hits you!
You see here 2 arrows.
You swap places.
The centaur shoots an arrow.
The arrow hits your lemure.
Your lemure dies!
The arrow hits your crimson imp.
The centaur shoots an arrow.
The arrow hits you!
* * * LOW HITPOINT WARNING * * *
You see here an arrow.
A centaur comes into view. It is wielding a bow.
The centaur shoots an arrow.
The arrow hits you!
The centaur shoots an arrow.
The arrow hits you!
You die...

#.#######.#.###(........ #
#..........c..(.........#.###
#..###.####.####........#.#..
#.........#(# #.............
##.####.#.#.####.##...#......
#....#.#...........#......
#.##.#.#..###.##.#.#.....#
#.####.#.(# #.##.#.#.....#
#......#.@###..[.........+
######..5.......##.#.....#
.................#####....#
######.....%.......##....#
#.........c##.......#
#..........######.###
#..........######'##
#..................#
####'#.##..........#


You could see 2 centaurs and a friendly crimson imp.

Vanquished Creatures
  An ice beast (D:5)
  An ogre (D:4)
  A crimson imp (D:5)
  2 iguanas (D:5)
  3 hounds
  A giant frog skeleton (D:4)
  An orc wizard (D:5)
  3 worker ants
  8 adders
  A giant eyeball (D:4)
  4 giant geckos
  2 oozes
  4 orcs
  6 giant cockroaches
  5 hobgoblins
  10 kobolds
  3 quokkas (D:3)
  11 bats
  5 giant newts
  7 goblins
  A goblin skeleton (D:4)
  2 kobold skeletons
  11 rats
  A spectral orc (D:4)
94 creatures vanquished.

Vanquished Creatures (collateral kills)
  An adder (D:4)
1 creature vanquished.

Vanquished Creatures (others)
  An iron imp (D:5)
  A lemure (D:5)
  An ufetubus (D:4)
3 creatures vanquished.

Grand Total: 98 creatures vanquished

Notes
Turn   | Place    | Note
--------------------------------------------------------------
     0 | D:1      | CrazyArbalest, the Demonspawn Hunter, began the quest for the Orb.
     0 | D:1      | Reached XP level 1. HP: 16/16 MP: 0/0
   276 | D:1      | Reached skill level 4 in Crossbows
   570 | D:1      | Gained mutation: You can steal the life force of nearby defeated enemies. [demonic ancestry]
   570 | D:1      | Reached XP level 2. HP: 22/22 MP: 1/1
  1403 | D:2      | Gained mutation: You have large cloven feet. [demonic ancestry]
  1403 | D:2      | Reached XP level 3. HP: 27/27 MP: 2/2
  1885 | D:2      | Reached skill level 1 in Maces & Flails
  1969 | D:2      | Reached skill level 1 in Armour
  2317 | D:3      | Reached XP level 4. HP: 33/33 MP: 3/3
  3244 | D:4      | Noticed an ogre
  3500 | D:4      | Killed an ogre
  3500 | D:4      | Gained mutation: A weak demonic guardian rushes to your aid. [demonic ancestry]
  3500 | D:4      | Reached XP level 5. HP: 38/38 MP: 4/4
  3520 | D:4      | Reached skill level 1 in Stealth
  3574 | D:4      | Found a basalt altar of Yredelemnul.
  3671 | D:4      | Gained mutation: You can steal the life force of defeated enemies. [demonic ancestry]
  3671 | D:4      | Reached XP level 6. HP: 35/45 MP: 5/5
  3877 | D:5      | Entered Level 5 of the Dungeon
  4552 | D:5      | Found Xokisch's Antique Weapon Shoppe.
  4569 | D:5      | Reached skill level 5 in Crossbows
  4569 | D:5      | Reached XP level 7. HP: 37/50 MP: 6/6
  4763 | D:5      | Shot with an arrow by a centaur

Action                   |  1- 3 |  4- 6 |  7- 9 || total
-------------------------+-------+-------+-------++-------
Melee: Whip              |   156 |   169 |     6 ||   331
       Short sword       |     7 |       |       ||     7
 Fire: Crossbow          |    26 |    51 |     6 ||    83
  Use: Potion            |       |     1 |       ||     1
